[ PARTIDA AOE2 · #494642057 ]
UnrankedEslavos vs Byzantines
[ ANÁLISIS DE REPETICIÓN · EXTRAÍDO DE LA PARTIDA GRABADA ]
Feudal
10:40
Castillos
15:18
Imperial
34:34
| APM promedio | 19.2 |
| APM pico | 48 |
| eAPM promedio | 14.6 |
| Aldeanos / militares | 152 / 291 |
Foco
⚔️ 27.5% · 🌾 72.5%
Militia ×165 · Boyar ×90 · Unknown (882) ×70 · Spearman ×25 · Battering Ram ×5 · Trebuchet (Packed) ×4
Feudal
10:57
Castillos
14:58
Imperial
27:37
| APM promedio | 31.2 |
| APM pico | 86 |
| eAPM promedio | 17.3 |
| Aldeanos / militares | 81 / 356 |
Foco
⚔️ 35.6% · 🌾 64.4%
Spearman ×264 · Hand Cannoneer ×77 · Trebuchet (Packed) ×9 · Monk ×6
Feudal
13:07
Castillos
16:46
Imperial
29:34
| APM promedio | 54.0 |
| APM pico | 91 |
| eAPM promedio | 31.2 |
| Aldeanos / militares | 193 / 467 |
Foco
⚔️ 48.0% · 🌾 52.0%
Spearman ×289 · Tarkan ×138 · Knight ×29 · Battering Ram ×11
Feudal
11:03
Castillos
15:56
Imperial
29:51
| APM promedio | 33.2 |
| APM pico | 98 |
| eAPM promedio | 23.6 |
| Aldeanos / militares | 127 / 374 |
Foco
⚔️ 43.5% · 🌾 56.5%
Scout Cavalry ×180 · Knight ×141 · Archer ×27 · War Elephant ×26
Feudal
11:45
Castillos
15:25
Imperial
47:07
| APM promedio | 36.5 |
| APM pico | 75 |
| eAPM promedio | 22.9 |
| Aldeanos / militares | 114 / 430 |
Foco
⚔️ 36.8% · 🌾 63.2%
Fire Lancer ×248 · Skirmisher ×101 · War Wagon ×31 · Scout Cavalry ×28 · Spearman ×9 · Bombard Cannon ×9
Feudal
10:16
Castillos
15:08
Imperial
33:03
| APM promedio | 31.1 |
| APM pico | 60 |
| eAPM promedio | 20.0 |
| Aldeanos / militares | 156 / 281 |
Foco
⚔️ 25.6% · 🌾 74.4%
Spearman ×189 · Hussite Wagon ×40 · Bombard Cannon ×36 · Battering Ram ×4 · Monk ×3 · Petard ×3
Feudal
10:22
Castillos
16:58
Imperial
36:34
| APM promedio | 17.8 |
| APM pico | 37 |
| eAPM promedio | 14.0 |
| Aldeanos / militares | 284 / 130 |
Foco
⚔️ 26.8% · 🌾 73.2%
Hand Cannoneer ×79 · Spearman ×23 · Teutonic Knight ×19 · Knight ×5 · Battering Ram ×3 · Mangonel ×1
Feudal
10:04
Castillos
14:14
Imperial
43:25
| APM promedio | 44.0 |
| APM pico | 105 |
| eAPM promedio | 22.9 |
| Aldeanos / militares | 143 / 110 |
Foco
⚔️ 27.4% · 🌾 72.6%
Unknown (882) ×68 · Scout Cavalry ×52 · Genoese Crossbowman ×29 · Petard ×21 · Mangonel ×7 · Battering Ram ×1
Mapa de la partida
Recursos iniciales + cada clic de construcción. Líneas = muros · curvas = relieve. ◆ oro · ⬟ piedra · ● bayas · ✦ reliquia · ◌ hueco del cierre
Tu base· ✓ Cerrada en 15:18 · 0t muro · 2 puerta(s)
Base de [VA] Santi.TNT· ✓ Cerrada en 14:58 · 0t muro · 3 puerta(s)
Base de CTM | Benja FC· ✓ Cerrada en 16:46 · 0t muro · 3 puerta(s)
Base de poky.pok· ✓ Cerrada en 15:56 · 0t muro · 2 puerta(s)
Base de PSX | King· ✓ Cerrada en 15:25 · 0t muro · 2 puerta(s)
Base de Skipper· ✓ Cerrada en 15:08 · 0t muro · 2 puerta(s)
Base de Der_Schaft· ✓ Cerrada en 16:58 · 0t muro · 2 puerta(s)
Base de TEMATOUNMANCO· ✓ Cerrada en 14:14 · 0t muro · 3 puerta(s)
Terreno inicial suavizado · ◌ = hueco del cierre detectado · pasá el cursor para detalles
Inputs por minuto
— CTM | Franco* - - [VA] Santi.TNT
Build order — CTM | Franco*
Primeras 150 de 426 acciones detectadas
| 0:02 | Crear | Villager (Male) |
| 0:02 | Crear | Villager (Male) |
| 0:03 | Crear | Villager (Male) |
| 0:03 | Crear | Villager (Male) |
| 0:03 | Crear | Villager (Male) |
| 0:05 | Construir | House |
| 0:07 | Construir | House |
| 1:36 | Crear | Villager (Male) |
| 1:36 | Crear | Villager (Male) |
| 2:07 | Crear | Villager (Male) |
| 2:07 | Crear | Villager (Male) |
| 2:51 | Crear | Villager (Male) |
| 2:51 | Crear | Villager (Male) |
| 3:02 | Construir | House |
| 3:03 | Construir | House |
| 3:06 | Crear | Villager (Male) |
| 3:06 | Crear | Villager (Male) |
| 3:37 | Crear | Villager (Male) |
| 3:42 | Crear | Villager (Male) |
| 3:42 | Crear | Villager (Male) |
| 4:08 | Crear | Villager (Male) |
| 4:08 | Crear | Villager (Male) |
| 4:19 | Construir | Lumber Camp |
| 4:54 | Crear | Villager (Male) |
| 5:43 | Crear | Villager (Male) |
| 6:05 | Construir | Mill |
| 6:32 | Crear | Villager (Male) |
| 6:56 | Construir | Mining Camp |
| 7:15 | Crear | Villager (Male) |
| 7:16 | Crear | Villager (Male) |
| 7:54 | Crear | Villager (Male) |
| 8:16 | Investigar | Feudal Age |
| 8:34 | Investigar | Loom |
| 9:22 | Construir | House |
| 9:23 | Construir | House |
| 9:33 | Crear | Villager (Male) |
| 9:34 | Crear | Villager (Male) |
| 10:05 | Construir | Farm |
| 10:05 | Construir | Farm |
| 10:06 | Construir | Farm |
| 10:07 | Construir | Farm |
| 10:40 | Edad | Edad Feudal |
| 10:47 | Construir | Market |
| 11:39 | Construir | Blacksmith |
| 12:04 | Construir | Farm |
| 12:31 | Construir | Farm |
| 12:38 | Investigar | Castle Age |
| 13:23 | Investigar | Double-Bit Axe |
| 13:27 | Investigar | Horse Collar |
| 14:11 | Investigar | Gold Mining |
| 14:54 | Construir | Farm |
| 14:58 | Construir | House |
| 14:59 | Construir | House |
| 15:18 | Edad | Edad de los Castillos |
| 15:21 | Crear | Villager (Male) |
| 15:22 | Crear | Villager (Male) |
| 15:30 | Construir | Monastery |
| 15:30 | Crear | Villager (Male) |
| 15:31 | Crear | Villager (Male) |
| 15:33 | Crear | Villager (Male) |
| 15:52 | Investigar | Heavy Plow |
| 16:05 | Crear | Monk |
| 16:05 | Crear | Monk |
| 16:46 | Construir | Town Center |
| 17:11 | Construir | Farm |
| 17:12 | Crear | Villager (Male) |
| 17:28 | Crear | Villager (Male) |
| 17:36 | Construir | Town Center |
| 17:53 | Construir | House |
| 17:54 | Construir | House |
| 18:15 | Crear | Villager (Male) |
| 18:16 | Crear | Villager (Male) |
| 18:19 | Investigar | Bow Saw |
| 18:21 | Construir | Farm |
| 18:46 | Crear | Villager (Male) |
| 18:48 | Construir | Farm |
| 19:14 | Crear | Villager (Male) |
| 19:16 | Construir | Farm |
| 19:27 | Crear | Villager (Male) |
| 19:28 | Crear | Villager (Male) |
| 19:33 | Construir | House |
| 19:34 | Construir | House |
| 19:35 | Construir | House |
| 19:36 | Construir | House |
| 19:40 | Construir | Farm |
| 19:41 | Crear | Villager (Male) |
| 19:41 | Crear | Villager (Male) |
| 19:41 | Crear | Villager (Male) |
| 20:01 | Crear | Villager (Male) |
| 20:02 | Crear | Villager (Male) |
| 20:07 | Construir | Farm |
| 20:09 | Construir | Farm |
| 20:28 | Construir | Farm |
| 20:30 | Construir | Farm |
| 20:32 | Construir | Farm |
| 20:39 | Crear | Villager (Male) |
| 20:43 | Crear | Villager (Male) |
| 20:43 | Crear | Villager (Male) |
| 20:44 | Crear | Villager (Male) |
| 20:44 | Crear | Villager (Male) |
| 20:44 | Crear | Villager (Male) |
| 20:49 | Crear | Villager (Male) |
| 20:53 | Construir | Farm |
| 20:55 | Construir | Farm |
| 21:11 | Construir | Town Center |
| 21:13 | Crear | Villager (Male) |
| 21:18 | Construir | Farm |
| 21:21 | Construir | Farm |
| 21:23 | Construir | Farm |
| 21:27 | Construir | House |
| 21:27 | Construir | House |
| 21:46 | Crear | Villager (Male) |
| 21:48 | Crear | Villager (Male) |
| 21:48 | Crear | Villager (Male) |
| 21:51 | Construir | Farm |
| 21:53 | Construir | Farm |
| 22:31 | Crear | Villager (Male) |
| 22:31 | Crear | Villager (Male) |
| 22:32 | Crear | Villager (Male) |
| 22:32 | Crear | Villager (Male) |
| 22:32 | Crear | Villager (Male) |
| 22:33 | Crear | Villager (Male) |
| 22:33 | Crear | Villager (Male) |
| 22:48 | Crear | Villager (Male) |
| 22:48 | Crear | Villager (Male) |
| 22:49 | Crear | Villager (Male) |
| 22:49 | Crear | Villager (Male) |
| 22:53 | Construir | House |
| 22:54 | Construir | House |
| 22:55 | Construir | House |
| 22:57 | Construir | House |
| 22:58 | Crear | Villager (Male) |
| 22:58 | Crear | Villager (Male) |
| 22:59 | Crear | Villager (Male) |
| 23:02 | Construir | Farm |
| 23:06 | Construir | Farm |
| 23:11 | Construir | Farm |
| 23:12 | Construir | Farm |
| 23:14 | Construir | Farm |
| 23:19 | Construir | Town Center |
| 23:42 | Crear | Villager (Male) |
| 23:42 | Crear | Villager (Male) |
| 23:43 | Crear | Villager (Male) |
| 23:43 | Crear | Villager (Male) |
| 23:48 | Construir | Farm |
| 23:52 | Construir | Farm |
| 23:53 | Construir | Farm |
| 24:02 | Crear | Villager (Male) |
| 24:02 | Crear | Villager (Male) |
| 24:03 | Crear | Villager (Male) |
Build order — [VA] Santi.TNT
Primeras 150 de 347 acciones detectadas
| 0:02 | Crear | Villager (Male) |
| 0:02 | Crear | Villager (Male) |
| 0:03 | Crear | Villager (Male) |
| 0:03 | Crear | Villager (Male) |
| 0:03 | Crear | Villager (Male) |
| 0:05 | Construir | House |
| 0:06 | Construir | House |
| 1:24 | Crear | Villager (Male) |
| 1:46 | Construir | Lumber Camp |
| 2:00 | Crear | Villager (Male) |
| 2:17 | Crear | Villager (Male) |
| 2:17 | Crear | Villager (Male) |
| 2:52 | Crear | Villager (Male) |
| 3:03 | Crear | Villager (Male) |
| 3:03 | Crear | Villager (Male) |
| 3:35 | Crear | Villager (Male) |
| 3:52 | Construir | House |
| 3:54 | Construir | House |
| 3:55 | Construir | House |
| 4:10 | Crear | Villager (Male) |
| 4:10 | Crear | Villager (Male) |
| 4:20 | Crear | Villager (Male) |
| 4:20 | Crear | Villager (Male) |
| 4:33 | Crear | Villager (Male) |
| 4:34 | Crear | Villager (Male) |
| 5:04 | Construir | Mill |
| 5:19 | Crear | Villager (Male) |
| 5:36 | Crear | Villager (Male) |
| 5:50 | Crear | Villager (Male) |
| 6:41 | Crear | Villager (Male) |
| 6:42 | Crear | Villager (Male) |
| 6:51 | Construir | Farm |
| 6:52 | Construir | Farm |
| 6:59 | Construir | Farm |
| 7:04 | Crear | Villager (Male) |
| 7:40 | Crear | Villager (Male) |
| 8:01 | Crear | Villager (Male) |
| 8:26 | Construir | Mining Camp |
| 8:47 | Investigar | Feudal Age |
| 9:09 | Crear | Villager (Male) |
| 9:09 | Crear | Villager (Male) |
| 10:52 | Construir | Farm |
| 10:57 | Edad | Edad Feudal |
| 11:07 | Construir | Blacksmith |
| 11:15 | Construir | Market |
| 11:36 | Crear | Villager (Male) |
| 12:18 | Investigar | Castle Age |
| 12:19 | Investigar | Castle Age |
| 12:33 | Construir | House |
| 12:38 | Investigar | Double-Bit Axe |
| 13:01 | Investigar | Horse Collar |
| 13:23 | Crear | Villager (Male) |
| 14:51 | Construir | Barracks |
| 14:58 | Edad | Edad de los Castillos |
| 15:03 | Construir | Town Center |
| 15:12 | Construir | Monastery |
| 15:15 | Investigar | Bow Saw |
| 15:19 | Crear | Villager (Male) |
| 15:24 | Construir | Town Center |
| 15:35 | Crear | Spearman |
| 15:35 | Crear | Spearman |
| 15:52 | Crear | Monk |
| 16:08 | Crear | Villager (Male) |
| 16:15 | Crear | Villager (Male) |
| 16:25 | Crear | Spearman |
| 16:25 | Crear | Spearman |
| 16:29 | Crear | Villager (Male) |
| 16:39 | Investigar | Loom |
| 16:59 | Construir | Mining Camp |
| 17:04 | Crear | Monk |
| 17:14 | Construir | House |
| 17:16 | Construir | Palisade Wall |
| 17:24 | Construir | Palisade Wall |
| 17:28 | Construir | Palisade Wall |
| 17:32 | Crear | Monk |
| 17:34 | Crear | Villager (Male) |
| 17:34 | Crear | Villager (Male) |
| 17:34 | Crear | Villager (Male) |
| 17:41 | Construir | Lumber Camp |
| 17:51 | Crear | Monk |
| 18:02 | Crear | Spearman |
| 18:03 | Crear | Spearman |
| 18:23 | Construir | House |
| 18:46 | Construir | Siege Workshop |
| 18:50 | Crear | Villager (Male) |
| 18:50 | Crear | Villager (Male) |
| 18:58 | Construir | Farm |
| 19:12 | Construir | House |
| 19:21 | Construir | House |
| 19:24 | Construir | House |
| 19:28 | Construir | House |
| 19:29 | Construir | House |
| 19:31 | Construir | House |
| 19:35 | Crear | Villager (Male) |
| 19:50 | Construir | Farm |
| 19:54 | Crear | Villager (Male) |
| 19:54 | Crear | Villager (Male) |
| 19:54 | Crear | Villager (Male) |
| 20:57 | Crear | Villager (Male) |
| 20:57 | Crear | Villager (Male) |
| 21:10 | Construir | House |
| 21:17 | Crear | Monk |
| 21:18 | Crear | Villager (Male) |
| 22:03 | Crear | Villager (Male) |
| 22:03 | Crear | Villager (Male) |
| 22:03 | Crear | Villager (Male) |
| 22:17 | Construir | Farm |
| 22:27 | Construir | Farm |
| 22:36 | Crear | Villager (Male) |
| 23:11 | Crear | Villager (Male) |
| 23:12 | Crear | Villager (Male) |
| 23:18 | Construir | Farm |
| 24:27 | Investigar | Imperial Age |
| 24:34 | Construir | Castle |
| 24:45 | Crear | Spearman |
| 25:30 | Crear | Villager (Male) |
| 25:30 | Crear | Villager (Male) |
| 25:39 | Construir | University |
| 25:46 | Crear | Spearman |
| 25:47 | Crear | Spearman |
| 26:01 | Crear | Villager (Male) |
| 26:01 | Crear | Villager (Male) |
| 26:01 | Crear | Villager (Male) |
| 26:02 | Crear | Villager (Male) |
| 26:02 | Crear | Villager (Male) |
| 26:16 | Crear | Spearman |
| 26:50 | Crear | Villager (Male) |
| 26:50 | Crear | Villager (Male) |
| 27:05 | Construir | Farm |
| 27:08 | Crear | Villager (Male) |
| 27:37 | Edad | Edad Imperial |
| 27:38 | Crear | Trebuchet (Packed) |
| 27:38 | Crear | Trebuchet (Packed) |
| 28:00 | Investigar | Chemistry |
| 28:06 | Crear | Villager (Male) |
| 28:06 | Crear | Villager (Male) |
| 28:11 | Construir | Farm |
| 28:20 | Construir | Mill |
| 28:21 | Construir | Farm |
| 28:22 | Construir | Farm |
| 28:22 | Construir | Farm |
| 28:22 | Construir | Farm |
| 28:22 | Construir | Farm |
| 28:23 | Construir | Farm |
| 28:27 | Construir | Farm |
| 28:48 | Construir | Farm |
| 28:49 | Construir | Farm |
| 28:52 | Construir | Farm |
| 28:53 | Construir | Farm |
| 28:59 | Crear | Trebuchet (Packed) |
Build order — CTM | Benja FC
Primeras 150 de 853 acciones detectadas
| 0:02 | Crear | Villager (Male) |
| 0:02 | Investigar | Loom |
| 0:14 | Crear | Villager (Male) |
| 0:18 | Crear | Villager (Male) |
| 0:37 | Crear | Villager (Male) |
| 1:26 | Crear | Villager (Male) |
| 1:54 | Crear | Villager (Male) |
| 2:32 | Crear | Villager (Male) |
| 2:39 | Crear | Villager (Male) |
| 3:01 | Crear | Villager (Male) |
| 3:33 | Crear | Villager (Male) |
| 3:34 | Crear | Villager (Male) |
| 3:34 | Crear | Villager (Male) |
| 3:43 | Construir | Lumber Camp |
| 4:59 | Crear | Villager (Male) |
| 5:03 | Crear | Villager (Male) |
| 5:03 | Crear | Villager (Male) |
| 5:04 | Crear | Villager (Male) |
| 5:04 | Crear | Villager (Male) |
| 5:05 | Crear | Villager (Male) |
| 5:05 | Crear | Villager (Male) |
| 5:16 | Crear | Villager (Male) |
| 5:56 | Construir | Mill |
| 6:45 | Crear | Villager (Male) |
| 7:20 | Crear | Villager (Male) |
| 7:35 | Construir | Mining Camp |
| 7:39 | Construir | Lumber Camp |
| 8:24 | Construir | Farm |
| 8:36 | Construir | Farm |
| 8:52 | Crear | Villager (Male) |
| 9:40 | Crear | Villager (Male) |
| 10:04 | Crear | Villager (Male) |
| 10:07 | Construir | Farm |
| 10:23 | Crear | Villager (Male) |
| 10:32 | Construir | Farm |
| 10:57 | Investigar | Feudal Age |
| 10:59 | Construir | Farm |
| 11:31 | Construir | Farm |
| 11:35 | Construir | Farm |
| 11:43 | Construir | Farm |
| 11:55 | Construir | Farm |
| 13:03 | Crear | Villager (Male) |
| 13:07 | Edad | Edad Feudal |
| 13:15 | Construir | Market |
| 13:17 | Construir | Blacksmith |
| 13:34 | Crear | Villager (Male) |
| 14:06 | Investigar | Castle Age |
| 14:08 | Construir | Farm |
| 14:13 | Investigar | Horse Collar |
| 14:17 | Investigar | Double-Bit Axe |
| 16:46 | Edad | Edad de los Castillos |
| 16:47 | Construir | Town Center |
| 16:49 | Construir | Town Center |
| 16:52 | Construir | Town Center |
| 16:54 | Crear | Villager (Male) |
| 16:55 | Crear | Villager (Male) |
| 17:11 | Investigar | Heavy Plow |
| 17:13 | Investigar | Bow Saw |
| 17:18 | Investigar | Wheelbarrow |
| 17:22 | Crear | Villager (Male) |
| 17:30 | Crear | Villager (Male) |
| 17:31 | Crear | Villager (Male) |
| 17:47 | Crear | Villager (Male) |
| 17:48 | Crear | Villager (Male) |
| 18:00 | Crear | Villager (Male) |
| 18:01 | Crear | Villager (Male) |
| 18:03 | Crear | Villager (Male) |
| 18:06 | Construir | Farm |
| 18:12 | Crear | Villager (Male) |
| 18:12 | Crear | Villager (Male) |
| 18:16 | Construir | Farm |
| 18:32 | Crear | Villager (Male) |
| 18:37 | Construir | Farm |
| 18:37 | Construir | Farm |
| 18:40 | Crear | Villager (Male) |
| 18:45 | Crear | Villager (Male) |
| 18:46 | Crear | Villager (Male) |
| 18:53 | Construir | Farm |
| 18:54 | Construir | Farm |
| 18:57 | Construir | Farm |
| 18:59 | Construir | Farm |
| 19:00 | Crear | Villager (Male) |
| 19:14 | Construir | Farm |
| 19:14 | Construir | Farm |
| 19:15 | Construir | Farm |
| 19:18 | Crear | Villager (Male) |
| 19:23 | Construir | Farm |
| 19:24 | Crear | Villager (Male) |
| 19:30 | Crear | Villager (Male) |
| 19:31 | Crear | Villager (Male) |
| 19:38 | Construir | Farm |
| 19:42 | Construir | Farm |
| 19:46 | Construir | Farm |
| 19:56 | Construir | Farm |
| 19:57 | Crear | Villager (Male) |
| 19:58 | Crear | Villager (Male) |
| 19:58 | Crear | Villager (Male) |
| 20:04 | Crear | Villager (Male) |
| 20:08 | Construir | Farm |
| 20:14 | Crear | Villager (Male) |
| 20:20 | Crear | Villager (Male) |
| 20:26 | Construir | Farm |
| 20:27 | Construir | Farm |
| 20:27 | Construir | Farm |
| 20:28 | Crear | Villager (Male) |
| 20:30 | Crear | Villager (Male) |
| 20:35 | Construir | Farm |
| 20:45 | Crear | Villager (Male) |
| 20:46 | Crear | Villager (Male) |
| 20:46 | Crear | Villager (Male) |
| 20:53 | Construir | Farm |
| 20:54 | Crear | Villager (Male) |
| 21:00 | Construir | Farm |
| 21:01 | Crear | Villager (Male) |
| 21:05 | Crear | Villager (Male) |
| 21:08 | Construir | Farm |
| 21:09 | Construir | Farm |
| 21:09 | Construir | Farm |
| 21:11 | Construir | Farm |
| 21:12 | Crear | Villager (Male) |
| 21:16 | Crear | Villager (Male) |
| 21:21 | Crear | Villager (Male) |
| 21:24 | Crear | Villager (Male) |
| 21:32 | Construir | Farm |
| 21:35 | Construir | Farm |
| 21:37 | Crear | Villager (Male) |
| 21:37 | Crear | Villager (Male) |
| 21:42 | Construir | Farm |
| 21:44 | Crear | Villager (Male) |
| 21:44 | Crear | Villager (Male) |
| 21:45 | Crear | Villager (Male) |
| 22:03 | Construir | Farm |
| 22:04 | Construir | Farm |
| 22:04 | Construir | Farm |
| 22:08 | Construir | Farm |
| 22:10 | Crear | Villager (Male) |
| 22:10 | Crear | Villager (Male) |
| 22:14 | Crear | Villager (Male) |
| 22:17 | Crear | Villager (Male) |
| 22:19 | Crear | Villager (Male) |
| 22:24 | Construir | Farm |
| 22:39 | Investigar | Hand Cart |
| 22:42 | Crear | Villager (Male) |
| 22:43 | Crear | Villager (Male) |
| 22:44 | Crear | Villager (Male) |
| 22:45 | Crear | Villager (Male) |
| 22:55 | Construir | Farm |
| 22:57 | Construir | Farm |
| 23:00 | Crear | Villager (Male) |
| 23:01 | Crear | Villager (Male) |
Build order — poky.pok
Primeras 150 de 761 acciones detectadas
| 0:09 | Crear | Villager (Male) |
| 0:11 | Construir | House |
| 0:13 | Construir | House |
| 0:24 | Crear | Villager (Male) |
| 0:24 | Crear | Villager (Male) |
| 0:35 | Crear | Villager (Male) |
| 0:36 | Crear | Villager (Male) |
| 1:41 | Crear | Villager (Male) |
| 1:51 | Construir | Lumber Camp |
| 2:21 | Crear | Villager (Male) |
| 2:21 | Crear | Villager (Male) |
| 2:30 | Crear | Villager (Male) |
| 2:39 | Construir | House |
| 2:40 | Construir | House |
| 2:41 | Construir | House |
| 2:45 | Construir | House |
| 3:10 | Crear | Villager (Male) |
| 3:20 | Crear | Villager (Male) |
| 4:08 | Crear | Villager (Male) |
| 4:08 | Crear | Villager (Male) |
| 4:46 | Crear | Villager (Male) |
| 4:46 | Crear | Villager (Male) |
| 4:47 | Crear | Villager (Male) |
| 5:17 | Crear | Villager (Male) |
| 5:31 | Construir | Mill |
| 5:55 | Crear | Villager (Male) |
| 6:11 | Crear | Villager (Male) |
| 6:39 | Construir | Mill |
| 6:52 | Crear | Villager (Male) |
| 7:20 | Crear | Villager (Male) |
| 7:38 | Crear | Villager (Male) |
| 8:10 | Crear | Villager (Male) |
| 8:12 | Construir | Mining Camp |
| 8:28 | Crear | Villager (Male) |
| 8:56 | Construir | Mill |
| 8:59 | Investigar | Feudal Age |
| 9:10 | Construir | House |
| 9:16 | Construir | House |
| 9:37 | Construir | House |
| 10:43 | Crear | Villager (Male) |
| 10:44 | Crear | Villager (Male) |
| 11:03 | Edad | Edad Feudal |
| 11:13 | Construir | Market |
| 11:38 | Construir | Blacksmith |
| 11:45 | Crear | Villager (Male) |
| 12:03 | Construir | House |
| 12:10 | Crear | Villager (Male) |
| 12:33 | Crear | Villager (Male) |
| 13:08 | Crear | Villager (Male) |
| 13:14 | Investigar | Castle Age |
| 13:14 | Investigar | Castle Age |
| 13:34 | Investigar | Double-Bit Axe |
| 13:34 | Investigar | Double-Bit Axe |
| 15:11 | Construir | Farm |
| 15:11 | Construir | Farm |
| 15:11 | Construir | Farm |
| 15:12 | Construir | Farm |
| 15:12 | Construir | Farm |
| 15:13 | Construir | Farm |
| 15:14 | Construir | Farm |
| 15:23 | Investigar | Horse Collar |
| 15:26 | Crear | Villager (Male) |
| 15:56 | Edad | Edad de los Castillos |
| 16:01 | Crear | Villager (Male) |
| 16:08 | Construir | Town Center |
| 16:19 | Crear | Villager (Male) |
| 16:34 | Construir | Town Center |
| 16:57 | Crear | Villager (Male) |
| 17:13 | Crear | Villager (Male) |
| 17:14 | Crear | Villager (Male) |
| 17:14 | Crear | Villager (Male) |
| 17:15 | Crear | Villager (Male) |
| 17:20 | Construir | Farm |
| 17:20 | Construir | Farm |
| 17:20 | Construir | Farm |
| 17:20 | Construir | Farm |
| 17:21 | Construir | Farm |
| 17:21 | Construir | Farm |
| 17:26 | Crear | Villager (Male) |
| 17:27 | Crear | Villager (Male) |
| 17:33 | Construir | Farm |
| 17:53 | Construir | Farm |
| 17:53 | Construir | Farm |
| 17:53 | Construir | Farm |
| 17:58 | Crear | Villager (Male) |
| 17:59 | Crear | Villager (Male) |
| 18:05 | Construir | Farm |
| 18:08 | Crear | Villager (Male) |
| 18:11 | Crear | Villager (Male) |
| 18:14 | Construir | Farm |
| 18:20 | Investigar | Loom |
| 18:21 | Crear | Villager (Male) |
| 18:29 | Crear | Villager (Male) |
| 18:46 | Crear | Villager (Male) |
| 19:06 | Crear | Villager (Male) |
| 19:07 | Crear | Villager (Male) |
| 19:18 | Construir | Mill |
| 19:20 | Construir | Farm |
| 19:20 | Construir | Farm |
| 19:20 | Construir | Farm |
| 19:21 | Construir | Farm |
| 19:21 | Construir | Farm |
| 19:21 | Construir | Farm |
| 19:21 | Construir | Farm |
| 19:22 | Construir | Farm |
| 19:42 | Crear | Villager (Male) |
| 19:44 | Crear | Villager (Male) |
| 19:50 | Crear | Villager (Male) |
| 19:53 | Crear | Villager (Male) |
| 19:58 | Crear | Villager (Male) |
| 20:06 | Construir | House |
| 20:07 | Construir | House |
| 20:08 | Construir | House |
| 20:08 | Construir | House |
| 20:09 | Construir | House |
| 20:10 | Construir | House |
| 20:18 | Crear | Villager (Male) |
| 20:25 | Construir | Barracks |
| 20:33 | Crear | Villager (Male) |
| 20:34 | Crear | Villager (Male) |
| 20:41 | Crear | Villager (Male) |
| 21:05 | Crear | Villager (Male) |
| 21:12 | Crear | Villager (Male) |
| 21:16 | Crear | Villager (Male) |
| 21:17 | Crear | Villager (Male) |
| 21:25 | Construir | Farm |
| 21:25 | Construir | Farm |
| 21:25 | Construir | Farm |
| 21:25 | Construir | Farm |
| 21:26 | Construir | Farm |
| 21:26 | Construir | Farm |
| 21:26 | Construir | Farm |
| 21:27 | Construir | Farm |
| 21:33 | Crear | Villager (Male) |
| 21:34 | Crear | Villager (Male) |
| 21:50 | Investigar | Heavy Plow |
| 21:53 | Crear | Villager (Male) |
| 21:58 | Crear | Villager (Male) |
| 22:05 | Construir | Stable |
| 22:21 | Crear | Villager (Male) |
| 22:24 | Crear | Villager (Male) |
| 22:25 | Crear | Villager (Male) |
| 22:30 | Crear | Villager (Male) |
| 22:32 | Crear | Villager (Male) |
| 23:02 | Crear | Villager (Male) |
| 23:02 | Crear | Villager (Male) |
| 23:03 | Crear | Villager (Male) |
| 23:06 | Investigar | Wheelbarrow |
| 23:11 | Construir | Stable |
| 23:13 | Construir | Stable |
Build order — PSX | King
Primeras 150 de 497 acciones detectadas
| 0:00 | Crear | Villager (Male) |
| 0:00 | Crear | Villager (Male) |
| 0:02 | Construir | House |
| 0:02 | Construir | House |
| 0:16 | Crear | Villager (Male) |
| 0:16 | Crear | Villager (Male) |
| 0:17 | Crear | Villager (Male) |
| 1:30 | Crear | Villager (Male) |
| 1:30 | Crear | Villager (Male) |
| 1:45 | Crear | Villager (Male) |
| 1:52 | Construir | Lumber Camp |
| 2:15 | Crear | Villager (Male) |
| 2:44 | Crear | Villager (Male) |
| 3:05 | Construir | House |
| 3:14 | Crear | Villager (Male) |
| 3:14 | Crear | Villager (Male) |
| 3:19 | Crear | Villager (Male) |
| 3:20 | Crear | Villager (Male) |
| 3:38 | Crear | Villager (Male) |
| 3:38 | Crear | Villager (Male) |
| 3:56 | Crear | Villager (Male) |
| 4:15 | Construir | Mill |
| 4:43 | Crear | Villager (Male) |
| 5:00 | Crear | Villager (Male) |
| 5:01 | Crear | Villager (Male) |
| 5:21 | Construir | House |
| 5:22 | Construir | House |
| 5:24 | Crear | Villager (Male) |
| 5:25 | Crear | Villager (Male) |
| 5:26 | Crear | Villager (Male) |
| 6:46 | Construir | Mining Camp |
| 6:48 | Crear | Villager (Male) |
| 6:49 | Crear | Villager (Male) |
| 7:35 | Crear | Villager (Male) |
| 7:44 | Construir | Farm |
| 7:46 | Construir | Farm |
| 8:08 | Crear | Villager (Male) |
| 8:33 | Crear | Villager (Male) |
| 8:34 | Construir | Mining Camp |
| 8:50 | Investigar | Loom |
| 8:50 | Investigar | Feudal Age |
| 9:43 | Crear | Villager (Male) |
| 9:43 | Crear | Villager (Male) |
| 11:18 | Crear | Villager (Male) |
| 11:45 | Edad | Edad Feudal |
| 11:53 | Construir | Market |
| 11:56 | Construir | Blacksmith |
| 12:08 | Construir | Farm |
| 12:09 | Construir | Farm |
| 12:45 | Investigar | Castle Age |
| 12:56 | Construir | Farm |
| 12:59 | Construir | Farm |
| 13:21 | Construir | House |
| 13:22 | Construir | House |
| 13:33 | Crear | Villager (Male) |
| 13:36 | Investigar | Double-Bit Axe |
| 13:37 | Investigar | Double-Bit Axe |
| 14:04 | Crear | Villager (Male) |
| 14:44 | Investigar | Fletching |
| 14:45 | Crear | Villager (Male) |
| 15:25 | Edad | Edad de los Castillos |
| 15:29 | Construir | Castle |
| 15:34 | Construir | Castle |
| 15:37 | Investigar | Bodkin Arrow |
| 15:37 | Crear | Villager (Male) |
| 15:45 | Construir | Mining Camp |
| 16:10 | Construir | Lumber Camp |
| 16:12 | Crear | Villager (Male) |
| 16:14 | Investigar | Horse Collar |
| 16:34 | Construir | Farm |
| 16:43 | Crear | War Wagon |
| 16:55 | Crear | Villager (Male) |
| 17:01 | Construir | Farm |
| 17:02 | Construir | Farm |
| 17:15 | Crear | War Wagon |
| 17:15 | Crear | War Wagon |
| 17:23 | Crear | Villager (Male) |
| 17:30 | Construir | Outpost |
| 17:36 | Crear | Villager (Male) |
| 17:37 | Crear | War Wagon |
| 17:38 | Crear | War Wagon |
| 17:57 | Construir | University |
| 18:06 | Crear | War Wagon |
| 18:06 | Crear | War Wagon |
| 18:23 | Crear | Villager (Male) |
| 18:24 | Crear | Villager (Male) |
| 18:36 | Crear | War Wagon |
| 18:37 | Crear | War Wagon |
| 18:52 | Crear | War Wagon |
| 18:52 | Crear | War Wagon |
| 19:00 | Crear | Villager (Male) |
| 19:18 | Crear | Petard |
| 19:21 | Crear | Villager (Male) |
| 19:26 | Construir | Farm |
| 19:42 | Crear | War Wagon |
| 19:46 | Crear | Villager (Male) |
| 19:55 | Crear | War Wagon |
| 20:21 | Crear | Villager (Male) |
| 20:22 | Crear | War Wagon |
| 20:33 | Crear | Villager (Male) |
| 20:54 | Crear | War Wagon |
| 20:54 | Crear | War Wagon |
| 20:55 | Crear | Villager (Male) |
| 21:07 | Construir | Barracks |
| 21:12 | Investigar | Scale Barding Armor |
| 21:12 | Investigar | Scale Barding Armor |
| 21:19 | Crear | War Wagon |
| 21:19 | Crear | War Wagon |
| 21:20 | Crear | War Wagon |
| 21:30 | Crear | Villager (Male) |
| 22:01 | Investigar | Wheelbarrow |
| 22:02 | Investigar | Wheelbarrow |
| 22:02 | Crear | Villager (Male) |
| 22:08 | Construir | Stable |
| 22:10 | Crear | War Wagon |
| 22:10 | Crear | War Wagon |
| 22:17 | Construir | Stable |
| 22:42 | Crear | Villager (Male) |
| 22:45 | Investigar | Town Watch |
| 22:45 | Investigar | Town Watch |
| 22:53 | Investigar | Forging |
| 22:59 | Crear | War Wagon |
| 23:15 | Crear | Villager (Male) |
| 23:28 | Investigar | Ballistics |
| 23:35 | Crear | Villager (Male) |
| 23:42 | Construir | Farm |
| 23:43 | Construir | Farm |
| 24:04 | Investigar | Husbandry |
| 24:08 | Crear | Villager (Male) |
| 24:20 | Crear | War Wagon |
| 24:20 | Crear | War Wagon |
| 24:27 | Crear | Petard |
| 24:27 | Crear | Petard |
| 24:32 | Construir | Farm |
| 24:36 | Construir | Farm |
| 24:38 | Construir | Farm |
| 24:39 | Construir | Farm |
| 24:44 | Construir | Farm |
| 24:45 | Crear | Villager (Male) |
| 24:54 | Crear | Villager (Male) |
| 25:19 | Construir | Mining Camp |
| 25:32 | Crear | Scout Cavalry |
| 25:32 | Crear | Scout Cavalry |
| 25:35 | Investigar | Light Cavalry (upgrade) |
| 25:37 | Crear | War Wagon |
| 25:37 | Crear | War Wagon |
| 25:45 | Crear | War Wagon |
| 25:50 | Crear | Villager (Male) |
| 26:08 | Construir | Monastery |
| 26:13 | Crear | Petard |
Build order — Skipper
Primeras 150 de 495 acciones detectadas
| 0:02 | Crear | Villager (Male) |
| 0:04 | Construir | House |
| 0:06 | Construir | House |
| 0:11 | Crear | Villager (Male) |
| 0:12 | Crear | Villager (Male) |
| 0:13 | Crear | Villager (Male) |
| 1:35 | Crear | Villager (Male) |
| 1:58 | Crear | Villager (Male) |
| 1:58 | Crear | Villager (Male) |
| 2:33 | Crear | Villager (Male) |
| 2:52 | Crear | Villager (Male) |
| 3:13 | Crear | Villager (Male) |
| 3:22 | Crear | Villager (Male) |
| 3:28 | Construir | Lumber Camp |
| 3:47 | Crear | Villager (Male) |
| 3:48 | Crear | Villager (Male) |
| 3:50 | Crear | Villager (Male) |
| 4:19 | Construir | House |
| 4:19 | Construir | House |
| 5:24 | Crear | Villager (Male) |
| 5:24 | Crear | Villager (Male) |
| 5:27 | Crear | Villager (Male) |
| 5:27 | Crear | Villager (Male) |
| 5:28 | Crear | Villager (Male) |
| 5:28 | Crear | Villager (Male) |
| 6:43 | Construir | Mill |
| 7:28 | Construir | Mining Camp |
| 7:34 | Investigar | Loom |
| 8:06 | Investigar | Feudal Age |
| 8:36 | Crear | Villager (Male) |
| 8:50 | Crear | Villager (Male) |
| 9:22 | Construir | House |
| 10:16 | Edad | Edad Feudal |
| 10:19 | Construir | Blacksmith |
| 10:35 | Crear | Villager (Male) |
| 10:43 | Construir | Market |
| 11:28 | Crear | Villager (Male) |
| 11:35 | Construir | House |
| 11:35 | Construir | House |
| 11:57 | Crear | Villager (Male) |
| 12:14 | Construir | Mill |
| 12:28 | Investigar | Castle Age |
| 12:34 | Construir | Lumber Camp |
| 13:13 | Construir | Lumber Camp |
| 13:21 | Investigar | Double-Bit Axe |
| 13:21 | Investigar | Double-Bit Axe |
| 13:22 | Investigar | Horse Collar |
| 13:22 | Investigar | Horse Collar |
| 13:55 | Crear | Villager (Male) |
| 15:08 | Edad | Edad de los Castillos |
| 15:11 | Construir | Monastery |
| 15:12 | Crear | Villager (Male) |
| 15:25 | Crear | Villager (Male) |
| 15:43 | Construir | Town Center |
| 15:55 | Crear | Villager (Male) |
| 16:01 | Construir | House |
| 16:03 | Crear | Monk |
| 16:04 | Crear | Monk |
| 16:07 | Crear | Villager (Male) |
| 16:29 | Construir | Town Center |
| 16:39 | Construir | Farm |
| 16:41 | Crear | Monk |
| 16:52 | Construir | House |
| 16:57 | Construir | Farm |
| 16:57 | Crear | Villager (Male) |
| 17:08 | Construir | Siege Workshop |
| 17:10 | Crear | Villager (Male) |
| 17:16 | Construir | Farm |
| 17:17 | Construir | Farm |
| 17:31 | Construir | Farm |
| 17:44 | Crear | Villager (Male) |
| 17:47 | Construir | Farm |
| 17:59 | Crear | Scorpion |
| 18:23 | Construir | Farm |
| 18:25 | Crear | Villager (Male) |
| 18:26 | Crear | Villager (Male) |
| 18:41 | Construir | Farm |
| 18:43 | Crear | Villager (Male) |
| 19:05 | Construir | Farm |
| 19:08 | Crear | Villager (Male) |
| 19:12 | Crear | Villager (Male) |
| 19:35 | Crear | Villager (Male) |
| 19:40 | Crear | Villager (Male) |
| 19:58 | Construir | Farm |
| 19:58 | Construir | Farm |
| 19:59 | Construir | Farm |
| 19:59 | Construir | Farm |
| 20:02 | Crear | Villager (Male) |
| 20:02 | Crear | Villager (Male) |
| 20:08 | Crear | Villager (Male) |
| 20:42 | Crear | Mangonel |
| 20:48 | Crear | Villager (Male) |
| 20:49 | Crear | Villager (Male) |
| 20:50 | Crear | Villager (Male) |
| 21:05 | Crear | Villager (Male) |
| 21:06 | Crear | Villager (Male) |
| 21:06 | Crear | Villager (Male) |
| 21:14 | Crear | Villager (Male) |
| 21:29 | Construir | Farm |
| 21:29 | Construir | Farm |
| 21:29 | Construir | Farm |
| 21:29 | Construir | Farm |
| 21:30 | Construir | Farm |
| 21:30 | Construir | Farm |
| 21:30 | Construir | Farm |
| 21:30 | Construir | Farm |
| 21:31 | Crear | Villager (Male) |
| 21:32 | Crear | Villager (Male) |
| 21:45 | Crear | Villager (Male) |
| 21:45 | Crear | Villager (Male) |
| 22:18 | Construir | House |
| 22:19 | Construir | House |
| 22:26 | Construir | Farm |
| 22:27 | Crear | Villager (Male) |
| 22:28 | Crear | Villager (Male) |
| 22:28 | Crear | Villager (Male) |
| 22:29 | Crear | Villager (Male) |
| 22:29 | Crear | Villager (Male) |
| 22:30 | Crear | Villager (Male) |
| 23:09 | Construir | Castle |
| 23:19 | Crear | Mangonel |
| 23:30 | Construir | Castle |
| 23:40 | Crear | Villager (Male) |
| 23:41 | Crear | Villager (Male) |
| 23:42 | Crear | Villager (Male) |
| 23:58 | Crear | Villager (Male) |
| 24:02 | Investigar | Wheelbarrow |
| 24:02 | Crear | Villager (Male) |
| 24:02 | Crear | Villager (Male) |
| 24:05 | Construir | Farm |
| 24:05 | Construir | Farm |
| 24:05 | Construir | Farm |
| 24:06 | Construir | Farm |
| 24:06 | Construir | Farm |
| 24:06 | Construir | Farm |
| 24:07 | Construir | Farm |
| 24:07 | Construir | Farm |
| 24:07 | Construir | Farm |
| 24:11 | Construir | Mill |
| 24:40 | Crear | Villager (Male) |
| 24:41 | Crear | Villager (Male) |
| 24:41 | Crear | Villager (Male) |
| 25:15 | Crear | Villager (Male) |
| 25:16 | Crear | Villager (Male) |
| 25:16 | Crear | Villager (Male) |
| 25:16 | Crear | Villager (Male) |
| 25:16 | Crear | Villager (Male) |
| 25:17 | Crear | Villager (Male) |
| 25:17 | Crear | Villager (Male) |
| 25:26 | Crear | Villager (Male) |
Build order — Der_Schaft
Primeras 150 de 473 acciones detectadas
| 0:01 | Crear | Villager (Male) |
| 0:01 | Crear | Villager (Male) |
| 0:02 | Crear | Villager (Male) |
| 0:03 | Construir | House |
| 0:06 | Construir | House |
| 0:47 | Crear | Villager (Male) |
| 1:29 | Crear | Villager (Male) |
| 1:29 | Crear | Villager (Male) |
| 2:09 | Crear | Villager (Male) |
| 2:22 | Crear | Villager (Male) |
| 2:22 | Crear | Villager (Male) |
| 2:55 | Crear | Villager (Male) |
| 3:13 | Crear | Villager (Male) |
| 3:14 | Crear | Villager (Male) |
| 3:43 | Construir | House |
| 3:44 | Construir | House |
| 3:49 | Construir | Lumber Camp |
| 3:54 | Crear | Villager (Male) |
| 3:55 | Crear | Villager (Male) |
| 3:55 | Crear | Villager (Male) |
| 4:07 | Construir | Mill |
| 4:29 | Crear | Villager (Male) |
| 5:06 | Crear | Villager (Male) |
| 5:06 | Crear | Villager (Male) |
| 5:07 | Crear | Villager (Male) |
| 5:33 | Crear | Villager (Male) |
| 6:07 | Crear | Villager (Male) |
| 6:35 | Crear | Villager (Male) |
| 6:35 | Crear | Villager (Male) |
| 6:44 | Crear | Villager (Male) |
| 6:44 | Crear | Villager (Male) |
| 6:45 | Crear | Villager (Male) |
| 6:53 | Construir | Mill |
| 7:39 | Investigar | Loom |
| 8:12 | Investigar | Feudal Age |
| 8:12 | Investigar | Feudal Age |
| 8:27 | Construir | Mining Camp |
| 10:03 | Construir | House |
| 10:04 | Construir | House |
| 10:04 | Construir | House |
| 10:05 | Construir | House |
| 10:06 | Construir | House |
| 10:22 | Edad | Edad Feudal |
| 10:23 | Investigar | Double-Bit Axe |
| 10:25 | Crear | Villager (Male) |
| 10:26 | Crear | Villager (Male) |
| 10:26 | Crear | Villager (Male) |
| 10:26 | Crear | Villager (Male) |
| 10:27 | Crear | Villager (Male) |
| 10:50 | Construir | Blacksmith |
| 11:21 | Construir | Market |
| 13:14 | Construir | Farm |
| 13:14 | Construir | Farm |
| 13:14 | Construir | Farm |
| 13:15 | Construir | Farm |
| 13:15 | Construir | Farm |
| 13:16 | Construir | Farm |
| 13:17 | Construir | Farm |
| 13:17 | Construir | Farm |
| 14:09 | Construir | Farm |
| 14:09 | Construir | Farm |
| 14:09 | Construir | Farm |
| 14:10 | Construir | Farm |
| 14:10 | Construir | Farm |
| 14:18 | Investigar | Castle Age |
| 14:18 | Investigar | Castle Age |
| 15:08 | Construir | Barracks |
| 15:43 | Construir | House |
| 15:46 | Construir | House |
| 15:48 | Construir | House |
| 15:51 | Construir | House |
| 15:52 | Construir | House |
| 16:26 | Investigar | Wheelbarrow |
| 16:27 | Crear | Villager (Male) |
| 16:27 | Crear | Villager (Male) |
| 16:27 | Crear | Villager (Male) |
| 16:28 | Crear | Villager (Male) |
| 16:34 | Investigar | Horse Collar |
| 16:58 | Edad | Edad de los Castillos |
| 17:05 | Construir | Siege Workshop |
| 17:35 | Construir | Siege Workshop |
| 17:48 | Construir | Town Center |
| 17:56 | Construir | Town Center |
| 18:40 | Investigar | Bow Saw |
| 19:28 | Investigar | Heavy Plow |
| 20:06 | Construir | Farm |
| 20:06 | Construir | Farm |
| 20:07 | Construir | Farm |
| 20:11 | Construir | Farm |
| 20:12 | Construir | Farm |
| 20:14 | Crear | Villager (Male) |
| 20:15 | Crear | Villager (Male) |
| 20:15 | Crear | Villager (Male) |
| 20:18 | Crear | Villager (Male) |
| 20:19 | Crear | Villager (Male) |
| 20:19 | Crear | Villager (Male) |
| 20:59 | Crear | Mangonel |
| 21:22 | Crear | Villager (Male) |
| 21:23 | Crear | Villager (Male) |
| 21:23 | Crear | Villager (Male) |
| 21:23 | Crear | Villager (Male) |
| 21:24 | Crear | Villager (Male) |
| 21:38 | Construir | Mining Camp |
| 23:37 | Crear | Villager (Male) ×5 |
| 23:38 | Crear | Villager (Male) ×5 |
| 23:38 | Crear | Villager (Male) ×5 |
| 23:55 | Crear | Villager (Male) |
| 23:55 | Crear | Villager (Male) |
| 24:06 | Construir | Lumber Camp |
| 25:13 | Construir | Farm |
| 25:14 | Construir | Farm |
| 25:19 | Crear | Villager (Male) ×5 |
| 25:19 | Crear | Villager (Male) ×5 |
| 25:20 | Crear | Villager (Male) ×2 |
| 25:52 | Construir | Farm |
| 26:07 | Crear | Villager (Male) |
| 26:07 | Crear | Villager (Male) |
| 26:08 | Crear | Villager (Male) |
| 26:33 | Construir | Mill |
| 26:35 | Construir | Farm |
| 26:35 | Construir | Farm |
| 26:35 | Construir | Farm |
| 26:35 | Construir | Farm |
| 26:36 | Construir | Farm |
| 26:36 | Construir | Farm |
| 26:36 | Construir | Farm |
| 26:37 | Construir | Farm |
| 26:40 | Construir | Farm |
| 26:45 | Crear | Villager (Male) ×3 |
| 26:45 | Crear | Villager (Male) ×3 |
| 27:06 | Construir | House |
| 27:08 | Construir | House |
| 27:08 | Construir | House |
| 27:08 | Construir | House |
| 27:09 | Construir | House |
| 27:09 | Construir | House |
| 27:09 | Construir | House |
| 27:10 | Construir | House |
| 27:10 | Construir | House |
| 27:11 | Construir | House |
| 27:11 | Construir | House |
| 27:11 | Construir | House |
| 27:23 | Construir | Barracks |
| 27:37 | Crear | Villager (Male) |
| 27:37 | Crear | Villager (Male) |
| 27:38 | Crear | Villager (Male) |
| 27:38 | Crear | Villager (Male) |
| 27:41 | Crear | Villager (Male) |
| 27:41 | Crear | Villager (Male) |
| 27:41 | Crear | Villager (Male) |
Build order — TEMATOUNMANCO
Primeras 150 de 523 acciones detectadas
| 0:00 | Crear | Villager (Male) |
| 0:01 | Crear | Villager (Male) |
| 0:01 | Crear | Villager (Male) |
| 0:01 | Crear | Villager (Male) |
| 0:02 | Construir | House |
| 0:04 | Construir | House |
| 1:22 | Crear | Villager (Male) |
| 1:22 | Crear | Villager (Male) |
| 1:46 | Construir | Lumber Camp |
| 2:00 | Crear | Villager (Male) |
| 2:01 | Crear | Villager (Male) |
| 2:22 | Crear | Villager (Male) |
| 2:22 | Crear | Villager (Male) |
| 3:02 | Construir | House |
| 3:06 | Crear | Villager (Male) |
| 3:07 | Crear | Villager (Male) |
| 3:41 | Crear | Villager (Male) |
| 3:41 | Crear | Villager (Male) |
| 3:41 | Crear | Villager (Male) |
| 4:06 | Construir | House |
| 4:16 | Crear | Villager (Male) |
| 4:16 | Crear | Villager (Male) |
| 4:54 | Crear | Villager (Male) |
| 4:54 | Crear | Villager (Male) |
| 5:26 | Construir | Mill |
| 5:40 | Crear | Villager (Male) |
| 6:14 | Crear | Villager (Male) |
| 6:24 | Crear | Villager (Male) |
| 7:02 | Crear | Villager (Male) |
| 7:19 | Investigar | Loom |
| 7:28 | Investigar | Feudal Age |
| 10:04 | Crear | Villager (Male) |
| 10:04 | Edad | Edad Feudal |
| 10:04 | Crear | Villager (Male) |
| 10:09 | Construir | Market |
| 10:12 | Construir | Blacksmith |
| 10:35 | Construir | Mining Camp |
| 10:56 | Crear | Villager (Male) |
| 11:34 | Investigar | Castle Age |
| 14:14 | Edad | Edad de los Castillos |
| 14:22 | Construir | Castle |
| 15:14 | Crear | Villager (Male) |
| 15:15 | Crear | Villager (Male) |
| 15:37 | Construir | Mining Camp |
| 15:42 | Construir | Mining Camp |
| 15:56 | Crear | Petard |
| 15:56 | Crear | Petard |
| 16:19 | Construir | Mining Camp |
| 16:37 | Crear | Genoese Crossbowman |
| 16:37 | Crear | Genoese Crossbowman |
| 17:06 | Crear | Genoese Crossbowman |
| 17:24 | Crear | Genoese Crossbowman |
| 17:33 | Crear | Genoese Crossbowman |
| 17:43 | Construir | Siege Workshop |
| 17:52 | Crear | Genoese Crossbowman |
| 17:52 | Crear | Genoese Crossbowman |
| 18:29 | Crear | Genoese Crossbowman |
| 18:29 | Crear | Genoese Crossbowman |
| 19:10 | Crear | Mangonel |
| 19:10 | Crear | Mangonel |
| 19:25 | Crear | Villager (Male) |
| 19:49 | Crear | Genoese Crossbowman |
| 19:50 | Crear | Genoese Crossbowman |
| 20:08 | Crear | Genoese Crossbowman |
| 20:08 | Crear | Genoese Crossbowman |
| 20:38 | Crear | Villager (Male) |
| 20:38 | Crear | Villager (Male) |
| 20:54 | Crear | Battering Ram |
| 23:35 | Construir | Castle |
| 23:39 | Crear | Mangonel |
| 23:39 | Crear | Mangonel |
| 23:57 | Construir | Castle |
| 24:01 | Crear | Genoese Crossbowman |
| 24:02 | Crear | Genoese Crossbowman |
| 25:30 | Crear | Villager (Male) |
| 25:31 | Crear | Villager (Male) |
| 25:31 | Crear | Villager (Male) |
| 25:35 | Construir | Farm |
| 25:35 | Construir | Farm |
| 25:35 | Construir | Farm |
| 25:36 | Construir | Farm |
| 25:36 | Construir | Farm |
| 25:36 | Construir | Farm |
| 25:36 | Construir | Farm |
| 25:36 | Construir | Farm |
| 25:37 | Construir | Farm |
| 25:37 | Construir | Farm |
| 25:37 | Construir | Farm |
| 25:37 | Construir | Farm |
| 25:39 | Crear | Villager (Male) |
| 25:39 | Crear | Villager (Male) |
| 26:21 | Crear | Petard |
| 26:22 | Crear | Petard |
| 26:22 | Crear | Petard |
| 26:22 | Crear | Petard |
| 26:22 | Crear | Petard |
| 26:23 | Crear | Petard |
| 26:37 | Crear | Villager (Male) |
| 26:37 | Crear | Villager (Male) |
| 27:40 | Crear | Villager (Male) |
| 27:41 | Crear | Villager (Male) |
| 28:08 | Crear | Petard |
| 28:08 | Crear | Petard |
| 28:08 | Crear | Petard |
| 28:55 | Crear | Petard |
| 28:55 | Crear | Petard |
| 28:56 | Crear | Petard |
| 29:00 | Crear | Mangonel |
| 29:00 | Crear | Mangonel |
| 29:00 | Crear | Mangonel |
| 29:02 | Crear | Villager (Male) |
| 29:03 | Crear | Villager (Male) |
| 29:30 | Crear | Petard |
| 29:30 | Crear | Petard |
| 29:39 | Construir | Farm |
| 29:39 | Construir | Farm |
| 29:39 | Construir | Farm |
| 29:39 | Construir | Farm |
| 29:40 | Construir | Farm |
| 30:23 | Crear | Petard |
| 30:24 | Crear | Petard |
| 31:19 | Crear | Petard |
| 31:30 | Crear | Petard |
| 31:30 | Crear | Petard |
| 32:02 | Crear | Villager (Male) |
| 32:14 | Crear | Villager (Male) |
| 32:26 | Construir | Town Center |
| 32:36 | Construir | Town Center |
| 32:52 | Crear | Villager (Male) |
| 32:52 | Crear | Villager (Male) |
| 33:05 | Crear | Villager (Male) |
| 33:05 | Crear | Villager (Male) |
| 33:24 | Investigar | Horse Collar |
| 33:26 | Investigar | Double-Bit Axe |
| 33:29 | Investigar | Gold Mining |
| 33:31 | Crear | Villager (Male) |
| 33:47 | Construir | Town Center |
| 35:23 | Crear | Villager (Male) |
| 35:23 | Crear | Villager (Male) |
| 35:26 | Crear | Villager (Male) |
| 35:26 | Crear | Villager (Male) |
| 35:27 | Crear | Villager (Male) |
| 35:28 | Crear | Villager (Male) |
| 35:28 | Crear | Villager (Male) |
| 35:28 | Crear | Villager (Male) |
| 35:39 | Construir | Town Center |
| 35:40 | Crear | Villager (Male) |
| 35:41 | Crear | Villager (Male) |
| 35:42 | Crear | Villager (Male) |
| 35:42 | Crear | Villager (Male) |
Cronología de la partida
| 10:04 | TEMATOUNMANCO · age_up feudal |
| 10:16 | Skipper · age_up feudal |
| 10:22 | Der_Schaft · age_up feudal |
| 10:40 | CTM | Franco* · age_up feudal |
| 10:57 | [VA] Santi.TNT · age_up feudal |
| 11:03 | poky.pok · age_up feudal |
| 11:14 | TEMATOUNMANCO · first_market_sell 100 wood |
| 11:45 | PSX | King · age_up feudal |
| 12:16 | [VA] Santi.TNT · first_market_sell 100 wood |
| 12:18 | [VA] Santi.TNT · first_market_buy 100 food |
| 12:27 | TEMATOUNMANCO · first_market_buy 100 stone |
| 13:07 | CTM | Benja FC · age_up feudal |
| 13:19 | Skipper · first_market_buy 100 food |
| 14:01 | CTM | Benja FC · first_market_sell 100 stone |
| 14:14 | TEMATOUNMANCO · age_up castle |
| 14:22 | TEMATOUNMANCO · first_building Castle |
| 14:51 | [VA] Santi.TNT · first_building Barracks |
| 14:58 | [VA] Santi.TNT · age_up castle |
| 15:08 | Skipper · age_up castle |
| 15:08 | Der_Schaft · first_building Barracks |
| 15:11 | Skipper · first_building Monastery |
| 15:12 | [VA] Santi.TNT · first_building Monastery |
| 15:18 | CTM | Franco* · age_up castle |
| 15:25 | PSX | King · age_up castle |
| 15:29 | PSX | King · first_building Castle |
| 15:30 | CTM | Franco* · first_building Monastery |
| 15:56 | poky.pok · age_up castle |
| 16:46 | CTM | Benja FC · age_up castle |
| 16:58 | Der_Schaft · age_up castle |
| 17:05 | Der_Schaft · first_building Siege Workshop |
| 17:08 | Skipper · first_building Siege Workshop |
| 17:15 | PSX | King · first_market_buy 100 wood |
| 17:16 | [VA] Santi.TNT · wall_segment Palisade Wall x8 |
| 17:24 | [VA] Santi.TNT · wall_segment Palisade Wall x4 |
| 17:28 | [VA] Santi.TNT · wall_segment Palisade Wall x5 |
| 17:43 | TEMATOUNMANCO · first_building Siege Workshop |
| 17:55 | Skipper · first_market_sell 100 wood |
| 18:46 | [VA] Santi.TNT · first_building Siege Workshop |
| 20:00 | Der_Schaft · first_market_sell 100 food |
| 20:24 | CTM | Franco* · tribute_sent a jugador 1 |
| 20:24 | CTM | Franco* · tribute_sent a jugador 2 |
| 20:24 | CTM | Franco* · tribute_sent a jugador 3 |
| 20:24 | CTM | Franco* · tribute_sent a jugador 4 |
| 20:24 | CTM | Franco* · tribute_sent a jugador 5 |
| 20:24 | CTM | Franco* · tribute_sent a jugador 7 |
| 20:24 | CTM | Franco* · tribute_sent a jugador 8 |
| 20:25 | poky.pok · first_building Barracks |
| 20:42 | CTM | Franco* · first_market_buy 100 food |
| 21:07 | PSX | King · first_building Barracks |
| 21:11 | PSX | King · first_market_sell 100 wood |
| 21:46 | CTM | Franco* · tribute_sent a jugador 1 |
| 21:46 | CTM | Franco* · tribute_sent a jugador 2 |
| 21:46 | CTM | Franco* · tribute_sent a jugador 3 |
| 21:46 | CTM | Franco* · tribute_sent a jugador 4 |
| 21:46 | CTM | Franco* · tribute_sent a jugador 5 |
| 21:46 | CTM | Franco* · tribute_sent a jugador 7 |
| 21:46 | CTM | Franco* · tribute_sent a jugador 8 |
| 22:05 | poky.pok · first_building Stable |
| 22:08 | PSX | King · first_building Stable |
| 23:09 | Skipper · first_building Castle |
| 24:34 | [VA] Santi.TNT · first_building Castle |
| 25:28 | poky.pok · first_building Castle |
| 25:48 | CTM | Benja FC · first_building Monastery |
| 25:53 | CTM | Benja FC · first_building Castle |
| 26:08 | PSX | King · first_building Monastery |
| 26:19 | CTM | Franco* · tribute_sent a jugador 1 |
| 26:19 | CTM | Franco* · tribute_sent a jugador 2 |
| 26:19 | CTM | Franco* · tribute_sent a jugador 3 |
| 26:19 | CTM | Franco* · tribute_sent a jugador 4 |
| 26:19 | CTM | Franco* · tribute_sent a jugador 5 |
| 26:19 | CTM | Franco* · tribute_sent a jugador 7 |
| 26:19 | CTM | Franco* · tribute_sent a jugador 8 |
| 26:23 | CTM | Benja FC · first_building Barracks |
| 26:35 | poky.pok · first_building Monastery |
| 27:04 | CTM | Benja FC · first_building Stable |
| 27:37 | [VA] Santi.TNT · age_up imperial |
| 28:04 | Der_Schaft · first_building Castle |
| 28:38 | Der_Schaft · first_building Stable |
| 29:34 | CTM | Benja FC · age_up imperial |
| 29:51 | poky.pok · age_up imperial |
| 30:45 | CTM | Benja FC · first_market_buy 100 food |
| 31:47 | PSX | King · first_building Archery Range |
| 32:01 | CTM | Franco* · tribute_sent a jugador 1 |
| 32:01 | CTM | Franco* · tribute_sent a jugador 2 |
| 32:01 | CTM | Franco* · tribute_sent a jugador 3 |
| 32:01 | CTM | Franco* · tribute_sent a jugador 4 |
| 32:01 | CTM | Franco* · tribute_sent a jugador 5 |
| 32:01 | CTM | Franco* · tribute_sent a jugador 7 |
| 32:01 | CTM | Franco* · tribute_sent a jugador 8 |
| 32:21 | CTM | Franco* · first_building Barracks |
| 32:25 | Skipper · first_building Barracks |
| 32:25 | [VA] Santi.TNT · first_building Archery Range |
| 32:28 | CTM | Franco* · first_building Castle |
| 33:03 | Skipper · age_up imperial |
| 33:34 | CTM | Franco* · first_building Stable |
| 34:34 | CTM | Franco* · age_up imperial |
| 34:41 | [VA] Santi.TNT · wall_segment Stone Wall x1 |
| 34:42 | [VA] Santi.TNT · wall_segment Stone Wall x1 |
| 34:42 | [VA] Santi.TNT · wall_segment Stone Wall x1 |
| 35:48 | CTM | Benja FC · wall_segment Palisade Wall x1 |
| 35:56 | CTM | Benja FC · wall_segment Palisade Wall x1 |
| 35:58 | CTM | Benja FC · wall_segment Palisade Wall x1 |
| 36:34 | Der_Schaft · age_up imperial |
| 36:36 | PSX | King · wall_segment Stone Wall x7 |
| 37:54 | PSX | King · wall_segment Stone Wall x5 |
| 38:01 | PSX | King · wall_segment Stone Wall x1 |
| 38:02 | PSX | King · wall_segment Stone Wall x1 |
| 39:21 | PSX | King · wall_segment Stone Wall x4 |
| 39:54 | CTM | Franco* · tribute_sent a jugador 1 |
| 39:54 | CTM | Franco* · tribute_sent a jugador 2 |
| 39:54 | CTM | Franco* · tribute_sent a jugador 3 |
| 39:54 | CTM | Franco* · tribute_sent a jugador 4 |
| 39:54 | CTM | Franco* · tribute_sent a jugador 5 |
| 39:54 | CTM | Franco* · tribute_sent a jugador 7 |
| 39:54 | CTM | Franco* · tribute_sent a jugador 8 |
| 40:15 | Skipper · tribute_sent a jugador 1 |
| 40:15 | Skipper · tribute_sent a jugador 2 |
| 40:15 | Skipper · tribute_sent a jugador 3 |
| 40:15 | Skipper · tribute_sent a jugador 4 |
| 40:15 | Skipper · tribute_sent a jugador 6 |
| 40:15 | Skipper · tribute_sent a jugador 7 |
| 40:15 | Skipper · tribute_sent a jugador 8 |
| 40:21 | Skipper · tribute_sent a jugador 1 |
| 40:21 | Skipper · tribute_sent a jugador 2 |
| 40:21 | Skipper · tribute_sent a jugador 3 |
| 40:21 | Skipper · tribute_sent a jugador 4 |
| 40:21 | Skipper · tribute_sent a jugador 6 |
| 40:21 | Skipper · tribute_sent a jugador 7 |
| 40:21 | Skipper · tribute_sent a jugador 8 |
| 41:12 | PSX | King · wall_segment Stone Wall x3 |
| 42:27 | Der_Schaft · first_market_buy 100 stone |
| 43:25 | TEMATOUNMANCO · age_up imperial |
| 43:35 | Skipper · tribute_sent a jugador 1 |
| 43:35 | Skipper · tribute_sent a jugador 2 |
| 43:35 | Skipper · tribute_sent a jugador 3 |
| 43:35 | Skipper · tribute_sent a jugador 4 |
| 43:35 | Skipper · tribute_sent a jugador 6 |
| 43:35 | Skipper · tribute_sent a jugador 7 |
| 43:35 | Skipper · tribute_sent a jugador 8 |
| 44:03 | CTM | Benja FC · wall_segment Stone Wall x4 |
| 45:05 | TEMATOUNMANCO · first_building Barracks |
| 45:46 | Der_Schaft · wall_segment Stone Wall x11 |
| 45:46 | CTM | Benja FC · first_building Siege Workshop |
| 45:49 | Der_Schaft · wall_segment Stone Wall x9 |
| 46:03 | Skipper · tribute_sent a jugador 1 |
| 46:03 | Skipper · tribute_sent a jugador 2 |
| 46:03 | Skipper · tribute_sent a jugador 3 |
| 46:03 | Skipper · tribute_sent a jugador 4 |
| 46:03 | Skipper · tribute_sent a jugador 6 |
| 46:03 | Skipper · tribute_sent a jugador 7 |
| 46:03 | Skipper · tribute_sent a jugador 8 |
| 46:05 | Der_Schaft · wall_segment Stone Wall x6 |
| 46:29 | CTM | Franco* · tribute_sent a jugador 1 |
| 46:29 | CTM | Franco* · tribute_sent a jugador 2 |
| 46:29 | CTM | Franco* · tribute_sent a jugador 3 |
| 46:29 | CTM | Franco* · tribute_sent a jugador 4 |
| 46:29 | CTM | Franco* · tribute_sent a jugador 5 |
| 46:29 | CTM | Franco* · tribute_sent a jugador 7 |
| 46:29 | CTM | Franco* · tribute_sent a jugador 8 |
| 46:39 | CTM | Benja FC · tribute_sent a jugador 1 |
| 46:39 | CTM | Benja FC · tribute_sent a jugador 3 |
| 46:39 | CTM | Benja FC · tribute_sent a jugador 4 |
| 46:39 | CTM | Benja FC · tribute_sent a jugador 5 |
| 46:39 | CTM | Benja FC · tribute_sent a jugador 6 |
| 46:39 | CTM | Benja FC · tribute_sent a jugador 7 |
| 46:39 | CTM | Benja FC · tribute_sent a jugador 8 |
| 46:42 | TEMATOUNMANCO · wall_segment Stone Wall x29 |
| 46:48 | CTM | Franco* · tribute_sent a jugador 1 |
| 46:48 | CTM | Franco* · tribute_sent a jugador 2 |
| 46:48 | CTM | Franco* · tribute_sent a jugador 3 |
| 46:48 | CTM | Franco* · tribute_sent a jugador 4 |
| 46:48 | CTM | Franco* · tribute_sent a jugador 5 |
| 46:48 | CTM | Franco* · tribute_sent a jugador 7 |
| 46:48 | CTM | Franco* · tribute_sent a jugador 8 |
| 47:07 | PSX | King · age_up imperial |
| 47:33 | Skipper · tribute_sent a jugador 1 |
| 47:33 | Skipper · tribute_sent a jugador 2 |
| 47:33 | Skipper · tribute_sent a jugador 3 |
| 47:33 | Skipper · tribute_sent a jugador 4 |
| 47:33 | Skipper · tribute_sent a jugador 6 |
| 47:33 | Skipper · tribute_sent a jugador 7 |
| 47:33 | Skipper · tribute_sent a jugador 8 |
| 47:42 | PSX | King · first_building Siege Workshop |
| 51:10 | Skipper · tribute_sent a jugador 1 |
| 51:10 | Skipper · tribute_sent a jugador 2 |
| 51:10 | Skipper · tribute_sent a jugador 3 |
| 51:10 | Skipper · tribute_sent a jugador 4 |
| 51:10 | Skipper · tribute_sent a jugador 6 |
| 51:10 | Skipper · tribute_sent a jugador 7 |
| 51:10 | Skipper · tribute_sent a jugador 8 |
| 52:30 | [VA] Santi.TNT · wall_segment Stone Wall x14 |
| 52:37 | poky.pok · first_building Archery Range |
| 52:59 | CTM | Benja FC · tribute_sent a jugador 1 |
| 52:59 | CTM | Benja FC · tribute_sent a jugador 3 |
| 52:59 | CTM | Benja FC · tribute_sent a jugador 4 |
| 52:59 | CTM | Benja FC · tribute_sent a jugador 5 |
| 52:59 | CTM | Benja FC · tribute_sent a jugador 6 |
| 52:59 | CTM | Benja FC · tribute_sent a jugador 7 |
| 52:59 | CTM | Benja FC · tribute_sent a jugador 8 |
| 53:05 | CTM | Franco* · first_building Siege Workshop |
| 53:13 | CTM | Benja FC · tribute_sent a jugador 1 |
| 53:13 | CTM | Benja FC · tribute_sent a jugador 3 |
| 53:13 | CTM | Benja FC · tribute_sent a jugador 4 |
| 53:13 | CTM | Benja FC · tribute_sent a jugador 5 |
| 53:13 | CTM | Benja FC · tribute_sent a jugador 6 |
| 53:13 | CTM | Benja FC · tribute_sent a jugador 7 |
| 53:13 | CTM | Benja FC · tribute_sent a jugador 8 |
| 53:19 | TEMATOUNMANCO · first_building Stable |
| 53:21 | CTM | Franco* · tribute_sent a jugador 1 |
| 53:21 | CTM | Franco* · tribute_sent a jugador 2 |
| 53:21 | CTM | Franco* · tribute_sent a jugador 3 |
| 53:21 | CTM | Franco* · tribute_sent a jugador 4 |
| 53:21 | CTM | Franco* · tribute_sent a jugador 5 |
| 53:21 | CTM | Franco* · tribute_sent a jugador 7 |
| 53:21 | CTM | Franco* · tribute_sent a jugador 8 |
| 53:42 | Der_Schaft · first_building Archery Range |
| 54:12 | [VA] Santi.TNT · resign |
| 54:29 | CTM | Benja FC · tribute_sent a jugador 1 |
| 54:29 | CTM | Benja FC · tribute_sent a jugador 3 |
| 54:29 | CTM | Benja FC · tribute_sent a jugador 4 |
| 54:29 | CTM | Benja FC · tribute_sent a jugador 5 |
| 54:29 | CTM | Benja FC · tribute_sent a jugador 6 |
| 54:29 | CTM | Benja FC · tribute_sent a jugador 7 |
| 54:29 | CTM | Benja FC · tribute_sent a jugador 8 |
| 56:42 | CTM | Franco* · tribute_sent a jugador 1 |
| 56:42 | CTM | Franco* · tribute_sent a jugador 2 |
| 56:42 | CTM | Franco* · tribute_sent a jugador 3 |
| 56:42 | CTM | Franco* · tribute_sent a jugador 4 |
| 56:42 | CTM | Franco* · tribute_sent a jugador 5 |
| 56:42 | CTM | Franco* · tribute_sent a jugador 7 |
| 56:42 | CTM | Franco* · tribute_sent a jugador 8 |
[ ANÁLISIS IA · 1 CRÉDITO ]
¿Qué pasó realmente en esta partida?
Wolo.gg analiza cada decisión: build order, eco, micro, errores típicos por bracket. Análisis personalizado por WhatsApp o Discord en 30 segundos.
Guía civ
Eslavos
Perfil
CTM | Franco*